 Dungeon Crawl Stone Soup version 0.30-a0-870-gc5d4c5acee (webtiles) character file.

Game seed: 1264228377311556131

164 Grim the Slasher (level 5, -1/45 HPs)
             Began as a Minotaur Fighter on Mar 11, 2023.
             Slain by a gnoll
             ... wielding a +0 whip
              (3 damage)
             ... on level 6 of the Dungeon.
             The game lasted 00:03:08 (1870 turns).

Grim the Slasher (Minotaur Fighter)                 Turns: 1870, Time: 00:03:08

Health: -1/45      AC:  6    Str: 22    XL:     5   Next: 21%
Magic:  4/4        EV:  9    Int:  5    God:
Gold:   198        SH:  5    Dex: 10    Spells: 4/4 levels left

rFire   . . .      SeeInvis .    a - +0 long sword
rCold   . . .      Faith    .    c - +0 buckler
rNeg    . . .      Spirit   .    b - +0 scale mail
rPois   .          Reflect  .    (helmet restricted)
rElec   .          Rampage  .    (no cloak)
rCorr   .                        (no gloves)
Will    .....                    (no boots) Stlth
                                 (no amulet)
HPRegen 0.27/turn                (no ring)
MPRegen 0.09/turn                (no ring)

@: no status effects
A: horns 2, retaliatory headbutt
a: no special abilities


You were on level 6 of the Dungeon.
You visited 1 branch of the dungeon, and saw 4 of its levels.

You collected 198 gold pieces.

Inventory:

Hand Weapons
 a - a +0 long sword (weapon)
Missiles
 i - a poisoned dart
 r - a throwing net (quivered)
Armour
 b - a +0 scale mail (worn)
 c - a +0 buckler (worn)
Scrolls
 e - a scroll of amnesia {unknown}
 h - 2 scrolls of summoning {unknown}
 k - a scroll of vulnerability {unknown}
 l - 2 scrolls of teleportation {unknown}
 m - a scroll of silence {unknown}
 n - a scroll of enchant weapon {unknown}
 o - a scroll of blinking {unknown}
 q - 2 scrolls of identify {unknown}
 s - a scroll of fear {unknown}
Potions
 d - a potion of might
 f - a potion of heal wounds
 g - 2 potions of curing {unknown}
 j - 2 potions of lignification {unknown}
 p - a potion of mutation {unknown}


   Skills:
 - Level 3.6 Fighting
 * Level 5.6 Long Blades
 - Level 3.6 Armour
 + Level 5.0 Shields


You had 4 spell levels left.
You didn't know any spells.
Your spell library contained the following spells:

 Spells                   Type           Power      Damage    Failure   Level
 Cigotuvi's Dreadful Rot  Necr/Pois/Air  0%         N/A       95%         2
 Poisonous Vapours        Pois/Air       0%         N/A       95%         2
 Mephitic Cloud           Conj/Pois/Air  0%         N/A       99%         3


Dungeon Overview and Level Annotations

Branches:
Dungeon (3/15)

Altars:


Innate Abilities, Weirdness & Mutations

You have a pair of horns on your head.
You reflexively headbutt those who attack you in melee.


Message History

The iguana hisses angrily.
The orc priest looks encouraged for a moment.
The orc attacks as you move away! The orc barely misses you.
You see here a +0 rapier.
The iguana bites you.
* * * LOW HITPOINT WARNING * * *
The orc attacks as you move away! The orc completely misses you.
Found a green potion.
The iguana attacks as you move away!
The iguana bites you but does no damage.
Found a stone staircase leading down. 2 gnolls come into view.
Found 9 stones, a flail and a robe.
The gnoll shouts! x2; You hear a shout! x2
The iguana attacks as you move away! The iguana bites you.
* * * LOW HITPOINT WARNING * * *
A gnoll comes into view. It is wielding a +0 club.
Found 8 gold pieces and a scroll labelled WINYG VECLO.
The gnoll shouts!
The iguana attacks as you move away!
The iguana bites you but does no damage.
A gnoll comes into view. It is wielding a +0 flail.
The gnoll shouts!
A gnoll comes into view. It is wielding a +0 club.
A gnoll comes into view. It is wielding a +0 whip.
A gnoll comes into view. It is wielding a +0 spear.
The iguana attacks as you move away! The iguana bites you.
* * * LOW HITPOINT WARNING * * *
The gnoll shouts!
The orc priest mumbles some strange prayers to Beogh against you.
Beogh smites you!
* * * LOW HITPOINT WARNING * * *
The gnoll hits you with a +0 flail.
* * * LOW HITPOINT WARNING * * *
You see here 9 stones.
The gnoll attacks as you move away! You block the gnoll's attack.
The gnoll hits you from afar with a +0 spear.
* * * LOW HITPOINT WARNING * * *
The gnoll hits you with a +0 whip.
You die...

#.###o#.#
#...o..o#
#######.####.#
#.....o......#
#.....o......#
#...o..........
##............#.
#..lg.gg......#
#..@g..).....>+
#..gg.........#
#...g.##.$.?#.#
#.....# ....#.#
#.....# #####
#.....# #.....#
#.....#


You could see an orc warrior, an iguana, 2 orc priests, 7 gnolls and an orc.

Vanquished Creatures
  A jelly (D:6)
  3 gnolls (D:2)
  4 adders
  A worm (D:2)
  3 dart slugs
  An orc (D:3)
  10 ball pythons
  3 endoplasms
  5 giant cockroaches
  A goblin (D:2)
  3 hobgoblins
  2 jackals (D:1)
  6 kobolds
  5 quokkas
  4 bats
  3 frilled lizards (D:1)
  7 rats
62 creatures vanquished.

Notes
Turn   | Place    | Note
-------+----------+-------------------------------------------
     0 | D:1      | Grim the Minotaur Fighter began the quest for the Orb.
     0 | D:1      | Reached XP level 1. HP: 19/19 MP: 0/0
    71 | D:1      | Reached XP level 2. HP: 26/26 MP: 1/1
   750 | D:2      | Reached XP level 3. HP: 31/31 MP: 2/2
   867 | D:2      | Found a faded altar of an unknown god.
   969 | D:2      | Reached XP level 4. HP: 24/39 MP: 3/3
  1396 | D:2      | Reached skill level 5 in Long Blades
  1730 | D:3      | You fall into a shaft and drop 3 floors!
  1755 | D:6      | Reached skill level 5 in Shields
  1755 | D:6      | Reached XP level 5. HP: 27/45 MP: 4/4
  1832 | D:6      | Noticed an ogre
  1832 | D:6      | Noticed an orc warrior
  1870 | D:6      | HP: 2/45 [gnoll/+0 spear (2)]
  1870 | D:6      | Slain by a gnoll

Illustrated notes

Levels and vault maps discovered:
D:1:      minmay_arrival_doors, layout_loops_cross
D:2:      layout_rooms, nicolae_ecumenical_snake_handling, kennysheep_donut
D:3:      layout_basic, dk_noncrumbling_3
D:6:      layout_basic, minmay_temple_entry_drinking_statues,
          kennysheep_nondescript, uniq_edmund

Skill      XL: |  1  2  3  4 |
---------------+-------------+-----
Long Blades    | 3 4 5 |  5.6
Shields        | 4 5 |  5.0
Fighting       | |  3.6
Armour         | |  3.6

Action                     |  1- 3 |  4- 6 || total
---------------------------+-------+-------++-------
  Melee: Long sword        |    82 |    54 ||   136
         Headbutt          |    14 |     7 ||    21
  Throw: Dart              |       |     2 ||     2
         Throwing net      |       |     2 ||     2
    Use: Potion            |       |     3 ||     3
 Armour: Scale mail        |    29 |    21 ||    50
  Dodge: Dodged            |    37 |    43 ||    80
  Block: Buckler           |    20 |    12 ||    32

Table legend: (Time is in decaauts)
 A = Elapsed time spent in this place.
 B = Non-inter-level travel time spent in this place.
 C = Inter-level travel time spent in this place.
 D = Time resting spent in this place.
 E = Time spent auto-exploring this place.
 F = Levels seen in this place.
 G = Mean time per level.
                   A        B        C        D        E       F      G
               +--------+--------+--------+--------+--------+-----+--------+
         Total |   1900 |   1813 |     87 |    232 |   1167 |   4 |  475.0 |
       Dungeon |   1900 |   1813 |     87 |    232 |   1167 |   4 |  475.0 |
               +--------+--------+--------+--------+--------+-----+--------+

Top non-repeatable levels by time:
     D:2: 757 daAuts
     D:1: 720 daAuts
     D:3: 280 daAuts
     D:6: 141 daAuts
